[Event "Early-Titled-Tuesday-Blitz-December-26-2023"]
[Site "Chess.com"]
[Date "2023.12.26"]
[Round "8"]
[White "dodoucb"]
[Black "UK_23"]
[Result "0-1"]
[WhiteElo "2484"]
[BlackElo "2343"]
[TimeControl "180+1"]
[EndTime "9:29:29 PST"]
[Termination "UK_23 won by resignation"]

1. d4 d5 2. Nf3 e6 3. c4 Nf6 4.
Nc3 Be7 5. Bg5 O-O 6. e3 b6 7. Rc1 Bb7 8. Bd3 c5 9. O-O cxd4 10. Nxd4 dxc4 11. Bxc4 a6 12. Qe2 b5 13. Bd3 Nbd7 14. Rfd1 Qb6 15. a4 b4 16. Nb1 Ne5 17. Nd2 Nxd3 18. Qxd3 Rfd8 19. Nc4 Qa7 20. Ne5 Rac8 21.
Qe2 Qb6 22. h3 h6 23. Bh4 Bd5 24. Bxf6 Bxf6 25. Qh5 Bxe5 26. Qxe5 Qb7 27. f3 Rxc1 28.
Rxc1 Rc8 29. Rxc8+ Qxc8 30. e4 Bb7 31. Kh2 Kh7 32.
Qd6 Qc1 33. Qxb4 Qf4+ 34. Kg1 Qe3+ 35. Kf1 e5 36. Ne2 Bc6 37. Qc3 Qb6 38. b3 f6 39. Qc4 a5 40. Nc3 Bb7 41. Nb5 Ba6 42. Qd3 Qc5 43. Ke2 Qc1 44. Qe3 Qc2+ 45. Kf1 Qd1+ 46.
Kf2 Kg6 47. Kg3 h5 48. Nc7 Bc8 49. Nd5 Be6 50. Qc5 Qxb3 51. Ne7+ Kh7 52. Nc6 Qxa4 53. Nd8 Bg8 54. Qf8 Qc4 55. Nb7 a4 56. Nd6 Qe6 57. Ne8 Qf7 0-1

[Event "Early-Titled-Tuesday-Blitz-December-26-2023"]
[Site "Chess.com"]
[Date "2023.12.26"]
[Round "8"]
[White "mightysmasher"]
[Black "OneTrickPony_82"]
[Result "0-1"]
[WhiteElo "2597"]
[BlackElo "2482"]
[TimeControl "180+1"]
[EndTime "9:29:30 PST"]
[Termination "OneTrickPony_82 won by checkmate"]

1. e4 e5 2. Nf3 Nc6 3. d4 exd4 4. Nxd4 Nf6 5. Nc3 Bb4 6. Nxc6 bxc6 7. Bd3 O-O 8. O-O d5 9. exd5 cxd5 10. Bg5 c6 11.
Qf3 Be7 12. Rfe1 h6 13. Bh4 Bg4 14. Qe3 Re8 15. Qd2 g5 16. Bg3 c5 17. h3 Be6 18. Nb5 c4 19. Bf1 Ne4 20. Qe3 Bc5 21. Qf3 Nxg3 22. Qxg3 Rb8 23. Nc3 Rxb2 24. Na4 Bd6 25. Qc3 Rb4 26. Nb2 Qb6 27. Nd1 Bf8 28.
Qd2 Bg7 29. Rc1 d4 30. c3 dxc3 31. Qc2 Rb2 32. Nxb2 cxb2 33. Rb1 c3 34. Bd3 Rd8 35. Rbd1 Bxa2 36. Qe2 Be6 37. Qc2 a5 38. Bh7+ Kf8 39. Rxd8+ Qxd8 40. Bd3 Qd7 41. Qb1 a4 42. Bc2 a3 43.
Rd1 a2 44. Rxd7 axb1=Q+ 45. Bxb1 Bxd7 46. Kf1 Ba4 47. Ke1 c2 48. Bxc2 Bxc2 49. Kd2 b1=Q 50.
Ke2 Qd1+ 51. Ke3 Qd3# 0-1

[Event "Early-Titled-Tuesday-Blitz-December-26-2023"]
[Site "Chess.com"]
[Date "2023.12.26"]
[Round "8"]
[White "JAN2404"]
[Black "Louis64"]
[Result "0-1"]
[WhiteElo "1948"]
[BlackElo "2279"]
[TimeControl "180+1"]
[EndTime "9:29:33 PST"]
[Termination "Louis64 won on time"]

1. e4 c5 2. Nf3 e6 3. c3 d5 4. exd5 Qxd5 5. d4 Nf6 6. Bb5+ Bd7 7. Bxd7+ Nbxd7 8. O-O Be7 9. c4 Qd6 10. Nc3 O-O 11. Re1 Rfd8 12. d5 exd5 13. Nb5 Qc6 14. Rxe7 d4 15. Bf4 a6 16. Nc7 Rac8 17. Nd5 Nxd5 18.
cxd5 Qxd5 19. Ne5 Nxe5 20. Rxe5 Qc6 21. Rc1 c4 22. Qg4 b5 23. Bd2 Qd6 24. Rg5 g6 25. a3 Rc6 26. Qg3 Qd7 27. h4 Re6 28. Ba5 Rde8 29. Rd1 Re2 30. Bc3 d3 31. Rg4 d2 32.
Rd4 Re1+ 33. Kh2 Qxd4 34. Bxd4 Rxd1 35. Qc3 Rh1+ 36. Kxh1 d1=Q+ 37. Kh2 Qg4 38. Bf6 Qe6 39. Bh8 f6 40. Bxf6 Rf8 41. Bh8 Rf7 42. Bd4 Rd7 43.
Be3 Qd6+ 44. g3 Re7 45. Qb4 Qxb4 46. axb4 Rd7 47. Kg2 Rd3 48. Kf3 Rb3 0-1

[Event "Early-Titled-Tuesday-Blitz-December-26-2023"]
[Site "Chess.com"]
[Date "2023.12.26"]
[Round "8"]
[White "AndresDelgado77"]
[Black "jlmanzanares"]
[Result "1-0"]
[WhiteElo "2311"]
[BlackElo "2012"]
[TimeControl "180+1"]
[EndTime "9:29:37 PST"]
[Termination "AndresDelgado77 won on time"]

1. e4 c5 2. Nf3 d6 3. d4 cxd4 4. Qxd4 Nf6 5. e5 dxe5 6. Qxd8+ Kxd8 7. Bc4 e6 8. Nxe5 Ke8 9. Nc3 Nbd7 10. Bf4 Nxe5 11. Bxe5 Bb4 12. O-O-O Bd7 13. Nb5 Ke7 14. a3 a6 15. Nc7 Bc5 16. Nxa8 Rxa8 17. f3 Be3+ 18. Kb1 b5 19. Bd3 Nd5 20. Be4 Bc6 21. Rhe1 Bh6 22. g3 Kf8 23. Bd6+ Kg8 24. Bc5 g6 25.
Bd4 Rc8 26. f4 a5 27. h4 b4 28. axb4 axb4 29. b3 Nc3+ 30. Bxc3 bxc3 31. Bxc6 Rxc6 32. Rd8+ Kg7 33. Re4 Kf6 34. Rd7 Kf5 35. Rc4 f6 36. Rxc6 Kg4 37. Rxe6 f5 38. Rxh7 Kxg3 39. Rxh6 Kxf4 40.
Rexg6 Ke4 41. Rh8 f4 42. Rf8 Ke3 43. Re6+ Kf3 44. Ref6 Kg3 45. Rxf4 Kh2 46. Rc4 1-0

[Event "Early-Titled-Tuesday-Blitz-December-26-2023"]
[Site "Chess.com"]
[Date "2023.12.26"]
[Round "8"]
[White "viktorskliarov"]
[Black "Journey_to_GrandMaster_YT"]
[Result "1-0"]
[WhiteElo "2652"]
[BlackElo "2528"]
[TimeControl "180+1"]
[EndTime "9:29:45 PST"]
[Termination "viktorskliarov won on time"]

1. e4 d6 2. d4 Nf6 3. Nc3 e5 4. Nge2 c6 5. f3 Be7 6. Be3 b5 7. Qd2 Qa5 8. g4 b4 9. Nd1 Ba6 10. Nf2 exd4 11. Nxd4 Bxf1 12. Kxf1 g6 13. Kg2 c5 14. Nb3 Qc7 15. a3 Nc6 16. axb4 Nxb4 17. h4 h5 18. g5 Nd7 19. c3 Nc6 20. Ra3 O-O 21. Rha1 Nde5 22. Qe2 f5 23. f4 Nd7 24. Qc4+ Kh7 25. Na5 Nxa5 26. Rxa5 Nb6 27. Qe6 Bd8 28. b4 cxb4 29. exf5 Rxf5 30. Rxf5 gxf5 31. Qxf5+ Kg8 32. Bxb6 Qb7+ 33. Qe4 Qxe4+ 34. Nxe4 Bxb6 35. cxb4 d5 36. Nf6+ Kf7 37. Nxd5 Bd4 38. Ra6 Rd8 39. Nf6 Bb6 40. Nxh5 Kg6 41. Ng3 Rd2+ 42. Kf3 Rd3+ 43. Kg4 Rb3 44.
h5+ Kf7 45. Nf5 Rxb4 46. Nd6+ Ke6 47. Nc8 Rb1 48. h6 Kf7 49. Nxb6 axb6 50. Ra7+ Kg8 51.
Kf5 Rf1 52. Rb7 Rb1 53. Kg6 Kf8 54. Rb8+ Ke7 55. h7 Rh1 56. h8=Q Rxh8 57. Rxh8 1-0

[Event "Early-Titled-Tuesday-Blitz-December-26-2023"]
[Site "Chess.com"]
[Date "2023.12.26"]
[Round "8"]
[White "FelixBlohberger"]
[Black "Mikhail_Golubev"]
[Result "1/2-1/2"]
[WhiteElo "2773"]
[BlackElo "2626"]
[TimeControl "180+1"]
[EndTime "9:29:46 PST"]
[Termination "Game drawn - insufficient material"]

1. e4 c5 2. Nf3 d6 3. d4 cxd4 4. Nxd4 Nf6 5. Bd3 Nc6 6. Be3 Ng4 7. Nxc6 Nxe3 8. Nxd8 Nxd1 9. Nxf7 Nxf2 10. Nxd6+ exd6 11. Kxf2 g6 12. Nc3 Bg7 13. Bb5+ Bd7 14. Bxd7+ Kxd7 15. Nd5 Bxb2 16. Rab1 Bd4+ 17. Ke2 b6 18. Rhf1 Rhf8 19.
a4 Rac8 20. Kd3 Be5 21. h3 Rxf1 22. Rxf1 Ke6 23. g4 Rc5 24. Rf8 Ra5 25. Re8+ Kf7 26. Re7+ Kg8 27. g5 Rxa4 28. Nf6+ Bxf6 29. gxf6 Ra1 30.
Rg7+ Kf8 31. Rxh7 Rf1 32. Rxa7 Rxf6 33. Kd4 Rf3 34. Rd7 Rxh3 35. Rxd6 Rh2 36. Rc6 g5 37. Ke5 Rf2 38. c4 g4 39. Rxb6 g3 40. Rb3 g2 41.
Rg3 Ke7 42. Rg7+ Kf8 43. Rg3 Ke7 44. c5 Kd7 45. Rg6 Kc7 46. Kd4 Rd2+ 47. Ke5 Rc2 48. Kd5 Rd2+ 49. Ke6 Rc2 50. e5 Kc6 51. Rxg2 Rxg2 52. Kf7 Re2 53. e6 Kxc5 54. e7 Kd6 55. e8=Q Rxe8 56. Kxe8 1/2-1/2

[Event "Early-Titled-Tuesday-Blitz-December-26-2023"]
[Site "Chess.com"]
[Date "2023.12.26"]
[Round "8"]
[White "Sofia_Blokhin"]
[Black "Bala-Afiada"]
[Result "1-0"]
[WhiteElo "2321"]
[BlackElo "2026"]
[TimeControl "180+1"]
[EndTime "9:29:47 PST"]
[Termination "Sofia_Blokhin won on time"]

1. d4 d5 2. c4 c6 3. Nc3 Nf6 4. e3 e6 5. Bd3 Bd6 6. e4 dxe4 7. Nxe4 Nxe4 8. Bxe4 O-O 9. Nf3 h6 10. O-O Nd7 11.
b3 e5 12. Bb2 Nf6 13. Bc2 exd4 14. Nxd4 Qc7 15. g3 Bg4 16. f3 Bh3 17. Re1 Be5 18.
Ne6 fxe6 19. Bxe5 Qf7 20. Qd3 Bf5 21. Qc3 Bxc2 22. Qxc2 Rad8 23. Rad1 Qe7 24. Kg2 Rxd1 25. Rxd1 Rd8 26. Rxd8+ Qxd8 27. Bf4 Qd4 28. Qd2 Qb6 29.
Be3 Qc7 30. Qd4 a6 31. Bf4 Qa5 32. Qd6 Qxa2+ 33. Kh3 Qxb3 34. Qxe6+ Kh8 35. Be5 Qe3 36. Qc8+ Kh7 37. Bxf6 gxf6 38. Qxb7+ Kg6 39. Qxc6 Qe5 40. Qxa6 Qf5+ 41. Kg2 Qc2+ 42. Kh3 Qf5+ 43. Kg2 Qc2+ 44. Kf1 Qd1+ 45. Kf2 Qd2+ 46. Kg1 Qe1+ 47. Kg2 Qe2+ 48. Kh3 Qxf3 49. Qb5 Qf1+ 50. Kh4 Qf3 51. Qe8+ Kf5 52. Qh5+ Ke6 53. Qxf3 1-0

[Event "Early-Titled-Tuesday-Blitz-December-26-2023"]
[Site "Chess.com"]
[Date "2023.12.26"]
[Round "8"]
[White "Hoshka"]
[Black "arturdailima"]
[Result "1/2-1/2"]
[WhiteElo "2049"]
[BlackElo "2319"]
[TimeControl "180+1"]
[EndTime "9:29:50 PST"]
[Termination "Game drawn by repetition"]

1. d4 d5 2. c4 e6 3. g3 Nf6 4. Bg2 dxc4 5. Nf3 Be7 6. O-O Nc6 7. Qa4 O-O 8. Qxc4 Qd5 9. Qd3 Nb4 10.
Qd1 c5 11. Nc3 Qd8 12. a3 Nc6 13. dxc5 Bxc5 14. b4 Bb6 15. Bb2 Qe7 16. Qc2 Bd7 17. Na4 Rac8 18. Nxb6 axb6 19. Qb3 Rfd8 20. Rfd1 Be8 21.
Rac1 Rxd1+ 22. Rxd1 Rd8 23. Ne5 Nxe5 24. Bxe5 Bc6 25. f3 Rd5 26. Rxd5 exd5 27. Qe3 h6 28. Bd4 Qxe3+ 29. Bxe3 Nd7 30. Bd4 g6 31. Bh3 f5 32.
Kf2 Kf7 33. g4 f4 34. e3 fxe3+ 35. Kxe3 b5 36. Bf1 Nf8 37. Bd3 Ne6 38. h3 g5 39.
Be5 Bd7 40. Bf5 Bc6 41. Bxe6+ Kxe6 42. Kd4 Kf7 43. f4 gxf4 44. Bxf4 Kg6 45. Ke5 Kg7 46. h4 Kg6 47. Be3 Kg7 48. Kf5 Bd7+ 49. Kf4 Bc6 50. Bd4+ Kg6 51. h5+ Kh7 52. g5 hxg5+ 53. Kxg5 Bd7 54.
h6 Bc6 55. Be5 Bd7 56. Bd4 Bc6 57. Be5 Bd7 58. Bd4 1/2-1/2

[Event "Early-Titled-Tuesday-Blitz-December-26-2023"]
[Site "Chess.com"]
[Date "2023.12.26"]
[Round "8"]
[White "Road2GM3000"]
[Black "bazar-wokzal"]
[Result "1/2-1/2"]
[WhiteElo "2510"]
[BlackElo "2641"]
[TimeControl "180+1"]
[EndTime "9:29:51 PST"]
[Termination "Game drawn by repetition"]

1. d4 Nf6 2. c4 Nc6 3. Nc3 e5 4. d5 Ne7 5. g3 Ng6 6. Bg2 Bc5 7. Nf3 a5 8. Nd2 d6 9. Nde4 Nxe4 10. Nxe4 Bb4+ 11.
Bd2 f5 12. Nc3 O-O 13. O-O f4 14. Be4 Qg5 15. Qc2 Bh3 16. Rfe1 Bc5 17. Nd1 Qg4 18. Bf3 Qd7 19. Nc3 Rf7 20. Ne4 Bf5 21.
Nxc5 dxc5 22. Be4 Raf8 23. Rf1 Ne7 24. Bxa5 Bh3 25. Bg2 Bxg2 26. Kxg2 Nf5 27. Bc3 Nd4 28. Bxd4 cxd4 29. Qe4 Qd6 30. a3 c5 31. dxc6 bxc6 32.
b4 h5 33. h4 f3+ 34. exf3 Rxf3 35. Rae1 Qf6 36. Re2 Rxa3 37. Qxe5 Qf3+ 38. Kh2 d3 39. Re3 Qf7 40. Qe4 Rd8 41. f4 Ra2+ 42. Kh3 d2 43.
Rd1 g6 44. Re2 Qd7+ 45. Qe6+ Qxe6+ 46. Rxe6 Rd4 47. Re2 Rxc4 48. Rdxd2 Rxd2 49. Rxd2 Rxb4 50. Rd6 Kf7 51. Rxc6 Rb2 52. Rc7+ Kf6 53. g4 Rb3+ 54. Kg2 hxg4 55. Rc5 Ra3 56. Rg5 Rb3 57. Rxg4 Kf5 58. Rg5+ Kxf4 59. Rxg6 Rb2+ 60. Kh3 Rb3+ 61. Kh2 Rb2+ 62. Kh3 Rb3+ 63. Kh2 Rb2+ 64. Kh3 1/2-1/2

[Event "Early-Titled-Tuesday-Blitz-December-26-2023"]
[Site "Chess.com"]
[Date "2023.12.26"]
[Round "8"]
[White "karinachess1"]
[Black "margarita_2703"]
[Result "1-0"]
[WhiteElo "2574"]
[BlackElo "2345"]
[TimeControl "180+1"]
[EndTime "9:29:52 PST"]
[Termination "karinachess1 won by checkmate"]

1. d4 d5 2. c4 e6 3. Nc3 Nf6 4. cxd5 exd5 5. Bg5 Be7 6. e3 h6 7. Bh4 O-O 8. Bd3 c6 9. Qc2 Nbd7 10. Nf3 Re8 11. O-O Ne4 12. Bxe7 Qxe7 13. a3 f5 14. b4 a6 15. Na4 Rb8 16. Nc5 Ndxc5 17. bxc5 Qf6 18. Rab1 Ra8 19. Ne5 Rxe5 20. dxe5 Qxe5 21. Rbe1 Qe7 22. f3 Nxc5 23. Bxf5 Bxf5 24. Qxf5 Qe6 25.
Qc2 Nd7 26. Qb3 b5 27. e4 Nb6 28. exd5 Qxd5 29. Qc3 Rd8 30. Re7 Qd4+ 31. Qxd4 Rxd4 32.
Rc1 Nc4 33. Rc7 Rd6 34. a4 Ne5 35. f4 Nc4 36. Kf2 Rd2+ 37. Kf3 Rd3+ 38. Ke4 Rd6 39. g4 Nd2+ 40. Ke5 Nc4+ 41. Rxc4 Rd5+ 42. Ke4 bxc4 43.
Rxc6 Rd2 44. h4 Rc2 45. Kf5 Kf7 46. Rc7+ Kf8 47. Kg6 c3 48. Rc8+ Ke7 49. Kxg7 Rf2 50. Rxc3 Rxf4 51. g5 hxg5 52. hxg5 Rxa4 53. Re3+ Kd7 54.
g6 a5 55. Rg3 Ke7 56. Kh7 Rh4+ 57. Kg8 a4 58. g7 Rh5 59. Re3+ Kd7 60. Kf7 Rf5+ 61.
Kg6 Rf1 62. Rg3 a3 63. g8=Q a2 64. Qd5+ Ke7 65. Re3+ Kf8 66. Qd8# 1-0

[Event "Early-Titled-Tuesday-Blitz-December-26-2023"]
[Site "Chess.com"]
[Date "2023.12.26"]
[Round "8"]
[White "Herzog2012"]
[Black "Ali_rastbod"]
[Result "0-1"]
[WhiteElo "2552"]
[BlackElo "2726"]
[TimeControl "180+1"]
[EndTime "9:29:55 PST"]
[Termination "Ali_rastbod won on time"]

1. e4 d6 2. d4 Nf6 3. Nc3 g6 4. g3 Bg7 5. Bg2 O-O 6. Nge2 e5 7. h3 c6 8. O-O b5 9. a3 a6 10. Be3 Nbd7 11. g4 Bb7 12. Ng3 exd4 13. Bxd4 c5 14. Be3 Ne5 15. g5 Nfd7 16. Bc1 Re8 17. Qxd6 Nc4 18. Qd3 Nde5 19. Qxd8 Raxd8 20. b3 Nd2 21. Bxd2 Rxd2 22. Rac1 Nf3+ 23. Bxf3 Bxc3 24. Rfd1 Red8 25. Rxd2 Rxd2 26. Nf1 Rd4 27. Rb1 Rxe4 28. Bxe4 Bxe4 29. Ne3 Kg7 30. Rd1 Bd4 31. a4 b4 32. Rd2 h6 33.
h4 hxg5 34. hxg5 Be5 35. Kf1 Bf4 36. Ke2 Bxg5 37. Rd7 Bxe3 38. Kxe3 Bxc2 39. Rc7 Bxb3 40. Rxc5 Bxa4 41. Rc4 a5 42. Rc5 b3 43. Rc7 Bb5 44.
Rb7 Bc4 45. Kd4 Be6 46. Kc3 a4 47. Ra7 Kf6 48. Rxa4 Ke5 49. Rh4 g5 50. Rd4 Bf5 51.
Rb4 Bc2 52. Kd2 f5 53. Rb5+ Kf4 54. Ke2 Kg4 55. Rb4+ f4 56. Rb5 Kh4 57. f3 g4 58.
fxg4 Kg3 59. g5 f3+ 60. Ke3 f2 0-1

[Event "Early-Titled-Tuesday-Blitz-December-26-2023"]
[Site "Chess.com"]
[Date "2023.12.26"]
[Round "8"]
[White "vugarrasulov"]
[Black "Jospem"]
[Result "1/2-1/2"]
[WhiteElo "2941"]
[BlackElo "3072"]
[TimeControl "180+1"]
[EndTime "9:29:57 PST"]
[Termination "Game drawn by repetition"]

1. e4 c5 2. Nf3 d6 3. Bb5+ Nd7 4. O-O Nf6 5. Re1 e6 6. c3 a6 7. Bf1 b5 8. a4 b4 9. d4 Bb7 10. d5 exd5 11. exd5+ Be7 12. c4 O-O 13. h3 Re8 14. Bf4 Bf8 15. Nbd2 Rxe1 16. Qxe1 a5 17. Qe3 Qb6 18.
Re1 Re8 19. Qd3 Rxe1 20. Nxe1 Qd8 21. Nef3 Nb6 22. b3 Bc8 23. Qe3 Bf5 24. Bd3 Nbxd5 25. cxd5 Nxd5 26. Bg5 Qc7 27. Qe2 Nc3 28. Qf1 Be6 29.
Bf4 h6 30. Bc4 Qd7 31. Qd3 d5 32. Bb5 Qc8 33. Ne5 Bf5 34. Qf1 Qe6 35. Bd7 Qf6 36. Bg3 Bxd7 37. Nxd7 Qe6 38. Nxf8 Kxf8 39. Kh2 Kg8 40.
Nf3 c4 41. Nd2 Ne2 42. Qb1 c3 43. Nf3 Qe4 44. Qxe4 dxe4 45. Ne1 Nd4 46. Bc7 Nxb3 47. Kg3 Nc5 48. Bxa5 Nd3 49. Bxb4 Nxb4 50. a5 g5 51. Kg4 Kf8 52. Kf5 c2 53. Nxc2 Nxc2 54. a6 Nd4+ 55.
Kxe4 Nb5 56. Kd3 Ke7 57. Kc4 Nc7 58. a7 Kd6 59. Kd3 Kd5 60. Ke3 Ke5 61. Kd3 f5 62.
Kc4 Kd6 63. Kd3 Kd5 64. Ke3 Na8 65. Kd3 Nb6 66. Ke3 Ke5 67. Kd3 Kd5 68. Ke3 Ke5 69. Kd3 Kd5 1/2-1/2

[Event "Early-Titled-Tuesday-Blitz-December-26-2023"]
[Site "Chess.com"]
[Date "2023.12.26"]
[Round "8"]
[White "Pendos666"]
[Black "Kacparov"]
[Result "1-0"]
[WhiteElo "2870"]
[BlackElo "2952"]
[TimeControl "180+1"]
[EndTime "9:29:57 PST"]
[Termination "Pendos666 won by checkmate"]

1. e4 c5 2. Nf3 e6 3. g3 Nc6 4.
Bg2 Nge7 5. O-O d6 6. c3 d5 7.
exd5 Nxd5 8. d4 cxd4 9. Nxd4 Bd7 10. Re1 Nxd4 11. Qxd4 Bc6 12. Nd2 Ne7 13. Nf3 Qxd4 14. Nxd4 Bxg2 15. Kxg2 O-O-O 16. Nf3 Nc6 17. Bf4 Be7 18.
Ng5 Bxg5 19. Bxg5 f6 20. Be3 Rd3 21. Rad1 Rhd8 22. Rxd3 Rxd3 23. Kf3 Kd7 24. Ke2 Rd5 25. c4 Ra5 26. Rd1+ Kc7 27. a3 Ra4 28. Rc1 a6 29.
Rc3 b5 30. cxb5 axb5 31. Bc5 Re4+ 32. Kd3 Re1 33. Kd2 Rb1 34. Kc2 Rf1 35. b3 h5 36.
h4 e5 37. a4 bxa4 38. bxa4 Ra1 39. Kb3 Rd1 40. Be3 Kb7 41. Rc1 Rd7 42. Kc4 Ka6 43. Rb1 Na5+ 44. Kc5 Rc7+ 45. Kd6 Rc6+ 46. Kd5 f5 47.
Rb5 Rf6 48. Kxe5 Nc4+ 49. Kf4 Nd6 50. Rb6+ Ka5 51. Bc5 Ne4 52. Rxf6 gxf6 53. Be3 Nd6 54. Bc5 Nb7 55. Be7 Kxa4 56. Kxf5 Kb5 57. g4 hxg4 58. h5 Kc6 59. Ke6 f5 60. h6 f4 61. h7 g3 62. fxg3 fxg3 63. h8=Q g2 64. Qc3+ Kb6 65. Qb2+ Ka7 66. Qxg2 Kb6 67. Qb2+ Ka7 68. Kd7 Ka6 69. Kc7 Na5 70. Qb6# 1-0

[Event "Early-Titled-Tuesday-Blitz-December-26-2023"]
[Site "Chess.com"]
[Date "2023.12.26"]
[Round "8"]
[White "ValentunHulka"]
[Black "DuleMudule"]
[Result "1-0"]
[WhiteElo "2767"]
[BlackElo "2917"]
[TimeControl "180+1"]
[EndTime "9:30:05 PST"]
[Termination "ValentunHulka won on time"]

1. d4 d5 2. c4 Bf5 3. Nc3 e6 4. Nf3 Nc6 5. a3 a6 6. g3 h6 7.
Bg2 Nf6 8. O-O Ne4 9. Nh4 Bh7 10.
Nxe4 dxe4 11. d5 exd5 12. cxd5 Ne7 13. Bxe4 Bxe4 14. Qa4+ b5 15. Qxe4 Qxd5 16. Qc2 g5 17.
Rd1 Qe6 18. Qc3 Rg8 19. Nf3 Rg6 20. Qxc7 Rc8 21. Qb7 Qc6 22. Qxc6+ Rgxc6 23. Nd4 Rc4 24.
Be3 Bg7 25. Kf1 f5 26. f3 Kf7 27. Bf2 f4 28. Rab1 Be5 29. g4 Bxd4 30. Rxd4 Rc1+ 31. Rd1 Rxb1 32. Rxb1 Rc2 33. Ke1 Rc6 34. Kd1 Rd6+ 35.
Ke1 Rc6 36. h4 Ke6 37. h5 a5 38. Bd4 Nd5 39. Kd2 Rc4 40. Kd3 Rc6 41. Rd1 b4 42. Rd2 a4 43. Rc2 Rd6 44. Ke4 bxa3 45. bxa3 Ne7 46. Rc4 Ra6 47. Rb4 Nc8 48. Bg7 Nd6+ 49. Kd3 Nf7 50. Bd4 Nd6 51. Rb6 Ra5 52. Bg7 Rd5+ 53. Kc3 Kd7 54. Bxh6 Nb5+ 55. Kb4 Nd4 56. Bg7 Ne6 57. h6 Rd1 58. h7 Rb1+ 59. Ka5 Rh1 60.
h8=Q 1-0

[Event "Early-Titled-Tuesday-Blitz-December-26-2023"]
[Site "Chess.com"]
[Date "2023.12.26"]
[Round "8"]
[White "Alexei_Gubajdullin"]
[Black "whitemirrorninja"]
[Result "1/2-1/2"]
[WhiteElo "2655"]
[BlackElo "2545"]
[TimeControl "180+1"]
[EndTime "9:30:06 PST"]
[Termination "Game drawn - insufficient material"]

1. d4 g6 2. Nf3 f5 3. Bf4 Nf6 4. e3 Bg7 5. Be2 b6 6. O-O Bb7 7. h3 O-O 8. a4 a5 9. Nc3 e6 10. Nd2 Nc6 11. Bf3 h6 12. Nb5 d6 13. c3 g5 14. Bh2 Rf7 15. Qb3 Qe8 16. Bxd6 cxd6 17. Nxd6 Qd7 18. Nxf7 Qxf7 19. Qxb6 Nd5 20. Qb3 Rb8 21.
Qc2 h5 22. e4 Nf4 23. exf5 exf5 24. Qb3 Qxb3 25. Nxb3 g4 26. hxg4 hxg4 27. Bd1 Ne7 28. f3 g3 29. Re1 Kf7 30. Nd2 Bh6 31. Bb3+ Bd5 32. Bxd5+ Nexd5 33. Nc4 Nd3 34. Re2 N5f4 35. Rc2 Re8 36. Kf1 Nd5 37. Rd1 Ne3+ 38. Nxe3 Rxe3 39. Re2 Nxb2 40. Rxe3 Bxe3 41. Ra1 f4 42. Ke2 Nc4 43. Kd3 Nd2 44. c4 Nxf3 45. gxf3 g2 46. Ke4 g1=Q 47. Rxg1 Bxg1 48. Kxf4 Bxd4 49. Ke4 Bf2 50. Kd5 Ke7 51. Kc6 Be1 52. c5 Kd8 53. f4 Kc8 54.
f5 Bc3 55. Kd6 Bb2 56. c6 Bc3 57. c7 Bb2 58. Kc6 Bc3 59. Kb6 Be5 60. Kxa5 Bxc7+ 61. Kb5 Be5 62. Kc6 Kb8 63. Kb6 Ba1 64. Ka6 Ka8 65.
a5 Bb2 66. Kb5 Ba1 67. Kc4 Bb2 68. Kb3 Bf6 69. Kc4 Ka7 70. Kd5 Bb2 71. Ke6 Ka6 72.
f6 Bxf6 73. Kxf6 Kxa5 1/2-1/2

[Event "Early-Titled-Tuesday-Blitz-December-26-2023"]
[Site "Chess.com"]
[Date "2023.12.26"]
[Round "8"]
[White "sergoy"]
[Black "Hikaru"]
[Result "0-1"]
[WhiteElo "2949"]
[BlackElo "3219"]
[TimeControl "180+1"]
[EndTime "9:30:18 PST"]
[Termination "Hikaru won by checkmate"]

1. d4 g6 2. e4 Bg7 3. Nc3 a6 4. a4 d6 5. f4 Nc6 6. d5 Nb4 7. Nf3 a5 8. Bc4 Nf6 9. e5 Nd7 10. e6 fxe6 11. dxe6 Nf6 12. Ng5 O-O 13. O-O c6 14.
Be3 d5 15. Be2 Qd6 16. f5 gxf5 17. Bf4 Qc5+ 18. Kh1 d4 19. Na2 Nxa2 20. Rxa2 h6 21. Nf3 Bxe6 22. Ra1 Nd5 23. Bd2 Ne3 24. Bxe3 dxe3 25. Bd3 f4 26. Qe2 Qh5 27. Rad1 Kh8 28. Be4 Rad8 29. c3 Bg8 30. Bb1 e5 31. h3 Bh7 32. Bxh7 Kxh7 33. Qc4 Qf5 34. Nh4 Qc2 35. Rde1 Bf6 36. Nf3 Qd3 37. Qe6 Rde8 38. Qg4 Qg6 39. Qd7+ Re7 40. Qd6 e4 41. Nd4 Rg8 42. Re2 Bg5 43.
Qc5 Rf7 44. b4 f3 45. gxf3 exf3 46. Nxf3 Qe4 47. Qd4 Qxd4 48. cxd4 Kh8 49. bxa5 Rgf8 50. Kg2 Rg8 51. Kh1 Rf5 52. Ree1 Re8 53. Nxg5 Rxf1+ 54. Rxf1 hxg5 55. Kg2 Kg7 56. Re1 e2 57. Kf3 Kg6 58.
Rxe2 Rxe2 59. Kxe2 Kh5 60. Kf3 Kh4 61. Ke4 Kxh3 62. d5 cxd5+ 63. Kxd5 g4 64. Kd6 g3 65. Kc7 g2 66. Kxb7 g1=Q 67. a6 Qg2+ 68. Kb8 Qg8+ 69. Kb7 Qf7+ 70. Kb8 Qe8+ 71. Kb7 Qd7+ 72.
Kb8 Qc6 73. Ka7 Qc7+ 74. Ka8 Qb6 75. a7 Qc7 76. a5 Qc8# 0-1

[Event "Early-Titled-Tuesday-Blitz-December-26-2023"]
[Site "Chess.com"]
[Date "2023.12.26"]
[Round "8"]
[White "Eternauta2400"]
[Black "Onischuk_V"]
[Result "0-1"]
[WhiteElo "2809"]
[BlackElo "2744"]
[TimeControl "180+1"]
[EndTime "9:30:19 PST"]
[Termination "Onischuk_V won by resignation"]

1. c4 g6 2. g3 Bg7 3. Bg2 Nf6 4. Nf3 O-O 5. O-O d6 6. d4 Nc6 7. Nc3 e5 8. d5 Nb8 9. e4 a5 10. h3 Na6 11. Be3 Nd7 12. Qc2 Ndc5 13. Nd2 f5 14. f4 exf4 15. Bxf4 fxe4 16. Ndxe4 Bf5 17. Qd2 Nxe4 18. Nxe4 Bxe4 19. Bxe4 Nc5 20. Bc2 Bxb2 21. Rae1 Bg7 22. h4 Qf6 23. Be5 Qxf1+ 24. Rxf1 Rxf1+ 25. Kxf1 Bxe5 26. h5 Kg7 27. hxg6 hxg6 28. Qg5 Rf8+ 29. Kg2 Rf6 30. Qg4 b6 31. Qc8 Rf7 32. Qg4 Rf6 33. Qc8 Rf7 34. Qd8 Bf6 35. Qe8 Nd7 36. Bd3 Ne5 37.
Be2 Bg5 38. Qc8 Be3 39. Bg4 Rf2+ 40. Kh3 Bc5 41. Qxc7+ Kh6 42. Qd8 Kg7 43. Be6 Nf7 44.
Qe7 Rf6 45. Bxf7 Rxf7 46. Qe6 a4 47. Qe4 a3 48. Kg4 Kf6 49. Qe6+ Kg7 50. Kg5 Rf5+ 51.
Kg4 Re5 52. Qd7+ Kf6 53. Qd8+ Kf7 54. Qc7+ Re7 55. Qc8 Re4+ 56. Kf3 Rxc4 57. Qe6+ Kg7 58. Qe7+ Kg8 59. Qf6 Kh7 60. Qf7+ Kh6 61. Qf8+ Kh7 62. Qf7+ Kh6 63. Qg8 Rd4 64. Qh8+ Kg5 65. Qd8+ Kf5 66.
Qf8+ Ke5 67. Qf7 Rd3+ 68. Ke2 Re3+ 69. Kf2 Kd4 70. Kg2 Re2+ 71. Kh3 Rxa2 72. Qxg6 Rd2 73. Qg7+ Kc4 74. Qa1 a2 75. Qc1+ Kd3 76. Qf1+ Kc2 77. Qa1 Kb3 78. Qc1 Rc2 79. Qd1 Kb2 0-1

[Event "Early-Titled-Tuesday-Blitz-December-26-2023"]
[Site "Chess.com"]
[Date "2023.12.26"]
[Round "8"]
[White "nekotyanof"]
[Black "Kirill_Klukin"]
[Result "0-1"]
[WhiteElo "2636"]
[BlackElo "2827"]
[TimeControl "180+1"]
[EndTime "9:30:20 PST"]
[Termination "Kirill_Klukin won by resignation"]

1. e4 c5 2. Nf3 Nc6 3. Bb5 g6 4. Bxc6 bxc6 5. d3 Bg7 6. O-O d6 7. Re1 e5 8. c3 Bg4 9. d4 exd4 10.
cxd4 cxd4 11. Qa4 Ne7 12. Nxd4 Bd7 13. Qd1 O-O 14. Nc3 Re8 15. Bf4 d5 16. Nb3 dxe4 17. Nxe4 Nd5 18. Qd2 Bf5 19. Ng3 Rxe1+ 20. Rxe1 Nxf4 21.
Qxf4 Be6 22. Nc5 Bd5 23. b3 Qa5 24. Qe3 Qxa2 25. Nge4 Qb2 26. Nd7 Qd4 27. Qxd4 Bxd4 28. Nef6+ Bxf6 29. Nxf6+ Kg7 30. Nxd5 cxd5 31. Re7 Kf6 32. Rb7 Ke6 33. Kf1 a5 34. Ke2 a4 35.
Rb6+ Ke5 36. bxa4 Rxa4 37. Rb7 Re4+ 38. Kf3 Rf4+ 39. Ke3 Rf6 40. g3 h5 41. f4+ Kf5 42.
Kf3 Ke6 43. Rb6+ Ke7 44. Rb7+ Kf8 45. Ke3 Ra6 46. Kd4 Ra2 47. Ke5 d4 48. Kxd4 Rxh2 49. Ke5 Re2+ 50. Kf6 Re6+ 51. Kg5 Kg7 52. Rb5 Re3 53. Kh4 Re1 54. f5 Re4+ 55. Kh3 g5 56. Rb6 Re5 57. g4 Re3+ 58. Kg2 hxg4 59. Rb4 Re5 60. Kg3 Rxf5 61. Kxg4 Re5 62. Rb6 f6 63. Rb8 Re4+ 64. Kf5 Rf4+ 65. Ke6 g4 66. Ra8 g3 67. Ra3 Rg4 68. Kf5 g2 69. Ra7+ Kh6 0-1

[Event "Early-Titled-Tuesday-Blitz-December-26-2023"]
[Site "Chess.com"]
[Date "2023.12.26"]
[Round "8"]
[White "zverr1"]
[Black "isaak2009"]
[Result "0-1"]
[WhiteElo "2485"]
[BlackElo "2622"]
[TimeControl "180+1"]
[EndTime "9:30:21 PST"]
[Termination "isaak2009 won by checkmate"]

1. e4 e5 2. Nf3 Nc6 3. Bc4 Nf6 4. Ng5 d5 5. exd5 Na5 6. Bb5+ c6 7. dxc6 bxc6 8.
Be2 h6 9. Nh3 Bc5 10. d3 Nb7 11. Nc3 O-O 12. O-O Nd6 13. Bf3 Qc7 14. Kh1 Re8 15.
Ne2 e4 16. dxe4 Ndxe4 17. Nd4 Bxh3 18. gxh3 Rad8 19. c3 Bd6 20. Bxe4 Nxe4 21. Qg4 Bxh2 22. Bxh6 g6 23. Kg2 Nf6 24. Qh4 Be5 25. Bg5 Rd6 26. Rfe1 Bxd4 27. cxd4 Rxe1 28. Rxe1 Qd8 29. Re4 Kg7 30.
Rf4 Qe7 31. f3 Re6 32. Bh6+ Kg8 33. Bg5 Re2+ 34. Kf1 Rc2 35. Qe1 Qxe1+ 36. Kxe1 Nd5 37. Re4 Rxb2 38. h4 Rb1+ 39. Kd2 Rb2+ 40. Kc1 Rxa2 41.
Re8+ Kg7 42. Rc8 Ra1+ 43. Kb2 Ra6 44. Bd2 Rb6+ 45. Kc2 a6 46. Ra8 Kf6 47. Ba5 Rb5 48.
Rxa6 Kf5 49. Ra7 f6 50. Bd2 c5 51. dxc5 Rxc5+ 52. Kd3 Nf4+ 53. Ke3 Re5+ 54. Kd4 Rd5+ 55. Kc3 Rd3+ 56. Kc2 Rxf3 57. Ra5+ Kg4 58. h5 gxh5 59.
Bc3 f5 60. Ra8 Rf2+ 61. Kd1 h4 62. Be1 Rg2 63. Rg8+ Kf3 64. Rh8 h3 65. Bd2 h2 66.
Rh3+ Nxh3 67. Be1 h1=Q 68. Kc1 Qxe1# 0-1